 Dungeon Crawl Stone Soup version 0.31.0-32-g396128a36d (webtiles) character file.

Game seed: 4573389224926971820

9 Jinxx the Chiller (level 2, -1/19 HPs)
             Began as a Demonspawn Ice Elementalist on Apr 6, 2024.
             Slain by a jackal (3 damage)
             ... on level 1 of the Dungeon.
             The game lasted 00:00:54 (287 turns).

Jinxx the Chiller (Demonspawn Ice Elementalist)      Turns: 287, Time: 00:00:55

Health: -1/19      AC:  2    Str:  8    XL:     2   Next: 3%
Magic:  4/5        EV: 12    Int: 15    God:
Gold:   7          SH:  5    Dex: 13    Spells: 4/5 levels left

rFire   . . .        (no weapon)
rCold   . . .        (no shield)
rNeg    . . .        a - +0 robe
rPois   .            (helmet restricted)
rElec   .            (no cloak)
rCorr   .            (no gloves)
SInv    .            (no boots)
Will    .....        f - amulet of reflection
Stlth   ++           (no ring)
HPRegen 0.23/turn    (no ring)
MPRegen 0.09/turn

%: reflection
@: no status effects
A: horns 1
a: no special abilities


You were on level 1 of the Dungeon.
You visited 1 branch of the dungeon, and saw 1 of its levels.

You collected 7 gold pieces.

Inventory:

Missiles
 d - 6 poisoned darts
Armour
 a - a +0 robe (worn)
Jewellery
 f - an amulet of reflection (around neck)
Scrolls
 c - a scroll of teleportation {unknown}
 e - 2 scrolls of fog {unknown}
Potions
 b - 2 potions of magic


   Skills:
 + Level 1.8 Dodging
 + Level 1.8 Stealth
 + Level 2.2 Spellcasting
 + Level 3.8 Ice Magic


You had 4 spell levels left.
You knew the following spells:

 Your Spells              Type           Power      Damage    Failure   Level
a - Freeze                Ice            52%        1d6       4%          1

Your spell library contained the following spells:

 Spells                   Type           Power      Damage    Failure   Level
 Frozen Ramparts          Ice            26%        1d4       13%         3
 Ozocubu's Armour         Ice            13%        N/A       13%         3
 Summon Ice Beast         Ice/Summ       7%         N/A       30%         3


Dungeon Overview and Level Annotations

Branches:
Dungeon (1/15)

Altars:


Innate Abilities, Weirdness & Mutations

You have a pair of small horns on your head.


Message History

The jackal bites you but does no damage.
The jackal barely misses you. The jackal completely misses you.
The jackal barely misses you. The jackal closely misses you.
The jackal bites you.
The jackal bites you but does no damage.
The jackal bites you but does no damage. x2
The jackal bites you. The jackal barely misses you.
The jackal bites you but does no damage.
You block the jackal's attack. The jackal barely misses you.
The jackal bites you.
The jackal bites you but does no damage.
The jackal bites you. The jackal closely misses you. The jackal bites you.
The jackal bites you. The jackal barely misses you. The jackal bites you.
The jackal barely misses you. The jackal misses you.
You block the jackal's attack. The jackal barely misses you.
The jackal misses you. The jackal bites you.
The jackal bites you but does no damage.
The jackal bites you. You block the jackal's attack.
The jackal barely misses you. The jackal misses you.
The jackal closely misses you. The jackal barely misses you.
The jackal barely misses you. The jackal closely misses you.
You block the jackal's attack. The jackal misses you. The jackal bites you.
The jackal barely misses you. The jackal misses you. The jackal bites you.
* * * LOW HITPOINT WARNING * * *
The jackal misses you. x2; You block the jackal's attack.
The jackal barely misses you.
The goblin shouts!
You block the jackal's attack. The jackal misses you.
You block the jackal's attack. The jackal closely misses you.
The jackal bites you.
* * * LOW HITPOINT WARNING * * *
The goblin hits you with a +0 club.
* * * LOW HITPOINT WARNING * * *
The jackal barely misses you. The jackal misses you.
The jackal barely misses you. The goblin hits you but does no damage.
The jackal bites you.
You die...

### #.# ..# # #.#
#####.#### #.#
......g@h###.#######
......##hh.........h
......######.########.#
.... ...............#.#
... ....###...####.#.#
.# .g #..........#.#
#.#.#.#.####.#
#.#...#....#.# #
#........#.##


You could see 3 jackals and a goblin.

Vanquished Creatures
  An endoplasm (D:1)
  3 giant cockroaches (D:1)
  A jackal (D:1)
  3 rats (D:1)
8 creatures vanquished.

Notes
Turn   | Place    | Note
-------+----------+-------------------------------------------
     0 | D:1      | Jinxx the Demonspawn Ice Elementalist began the quest for
                  | the Orb.
     0 | D:1      | Reached XP level 1. HP: 13/13 MP: 3/3
   249 | D:1      | Discovered your monstrous ancestry.
   249 | D:1      | Gained mutation: You have a pair of small horns on your
                  | head. [demonic ancestry]
   249 | D:1      | Reached XP level 2. HP: 19/19 MP: 1/5
   287 | D:1      | Slain by a jackal

Illustrated notes

Levels and vault maps discovered:
D:1:      erik_arrival_cave_to_civilisation [erik_arrival_cave_to_hall],
          layout_basic, serial_shops, nicolae_shop_advertising_works
          [nicolae_subvault_shop_adworks], shop, shop

Action                     || total
---------------------------++-------
  Melee: Unarmed           ||     3
   Cast: Freeze            ||    12
 Armour: Robe              ||    35
  Dodge: Dodged            ||    54
  Block: Other             ||    16
